AoeStats
← Khirs

Black Forest

505047596Analyzed
4v4 RM · 25d ago on Sep 7, 2026· 36m 22s· 8 players
Game mode
Random Map
Map size
Large (8 player)
Population
200
Speed
Normal
Resources
Standard
Victory
Conquest
Starting age
Dark Age
Ending age
Imperial Age
RankedLock teamsTeams togetherTeam positionsShared explorationLock speedFull tech treeHidden civsTurbo modeCheats
Victory
Defeat
🇦🇷 Italians · Argentina
982
+14
🇧🇷 Franks · Brazil
916
+16
🇪🇸 Teutons · Spain
875
+19
🇺🇸 Chinese · United States
865
+18
🇮🇳 Ethiopians · India
969
-18
🇹🇼 Persians · Taiwan
953
-18
🇺🇸 Bohemians · United States
947
-18
🇮🇳 Poles · India
829
-13
.:sTeeL:.
0:27 Loom
14:54 Feudal Age
16:20 Wheelbarrow
15:35 Double-Bit Axe
15:33 Horse Collar
19:17 Stone Mining
25:08 Castle Age
24:02 Fletching
26:13 Hand Cart
26:01 Heavy Plow
26:14 Bow Saw
26:42 Stone Shaft Mining
27:26 Bodkin Arrow
28:03 Caravan
28:39 Gold Mining
30:31 Squires
31:15 Gold Shaft Mining
30:55 Forging
30:46 Scale Mail Armor
31:17 Man-at-Arms
36:58 Imperial Age
34:49 Long Swordsman
Khirs
0:30 Loom
15:43 Feudal Age
16:27 Horse Collar
16:39 Double-Bit Axe
21:44 Castle Age
20:01 Stone Mining
21:13 Gold Mining
23:08 Stone Shaft Mining
24:05 Bow Saw
24:01 Heavy Plow
27:11 Coinage
31:37 Imperial Age
30:07 Fletching
33:34 Chemistry
33:12 Crop Rotation
33:41 Wheelbarrow
33:56 Conscription
34:08 Bodkin Arrow
34:42 Scale Mail Armor
35:30 Forging
36:08 Hand Cart
37:18 Iron Casting
TremendoManco
1:43 Loom
12:42 Feudal Age
18:46 Castle Age
17:52 Fletching
17:57 Gold Mining
18:13 Double-Bit Axe
19:18 Horse Collar
20:36 Heavy Plow
22:20 Padded Archer Armor
22:50 Crossbowman
25:45 Wheelbarrow
26:12 Town Watch
26:41 Forging
27:41 Bodkin Arrow
28:21 Iron Casting
28:16 Thumb Ring
28:49 Leather Archer Armor
29:11 Iron Casting
30:04 Stone Mining
30:36 Scale Barding Armor
32:52 Chain Barding Armor
33:41 Husbandry
34:48 Ballistics
34:24 Murder Holes
36:36 Bloodlines
39:32 Imperial Age
Raposao_SP
4:24 Loom
13:57 Feudal Age
15:14 Double-Bit Axe
15:22 Gold Mining
15:22 Stone Mining
18:18 Castle Age
19:54 Bow Saw
25:44 Husbandry
26:07 Town Watch
26:59 Wheelbarrow
28:05 Hand Cart
30:04 Forging
30:00 Scale Barding Armor
32:50 Imperial Age
31:25 Town Patrol
34:01 Iron Casting
34:34 Chain Barding Armor
35:32 Cavalier
35:35 Heavy Scorpion
FAKEDICK
13:44 Feudal Age
13:52 Man-at-Arms
19:32 Double-Bit Axe
19:30 Horse Collar
22:30 Castle Age
25:10 Heavy Plow
swa-lmhwra
12:13 Feudal Age
16:49 Castle Age
15:25 Double-Bit Axe
15:23 Horse Collar
22:43 Loom
24:04 Wheelbarrow
24:18 Bow Saw
24:31 Heavy Plow
26:16 Hand Cart
27:22 Elite Skirmisher
30:38 Bloodlines
29:48 Light Cavalry
30:37 Gold Mining
30:58 Stone Mining
32:26 Husbandry
33:11 Scale Mail Armor
33:16 Scale Barding Armor
33:23 Forging
kingjohnkk
5:03 Loom
10:27 Feudal Age
11:48 Wheelbarrow
10:59 Double-Bit Axe
14:18 Horse Collar
19:13 Castle Age
20:25 Hand Cart
20:22 Bow Saw
20:22 Heavy Plow
22:59 Town Watch
Naghadatha
0:27 Loom
21:06 Feudal Age
25:11 Castle Age
24:12 Double-Bit Axe
Connection lost

Rejoining the realm…

Still unreachable

The connection could not be restored.

Session expired

The server has moved on; the page needs a fresh start.